 Dungeon Crawl Stone Soup version 0.19-a0-1682-g5114f93 (webtiles) character file.

77 oshikia the Cudgeler (level 4, -2/36 HPs)
             Began as a Demonspawn Gladiator on Sept 25, 2016.
             Was an Initiate of Cheibriados.
             Slain by a gnoll
             ... wielding a cursed -1 flail
              (8 damage)
             ... on level 2 of the Dungeon.
             The game lasted 00:02:41 (1423 turns).

oshikia the Cudgeler (Demonspawn Gladiator)         Turns: 1423, Time: 00:02:42

Health: -2/36      AC:  6    Str: 16    XL:     4   Next: 13%
Magic:  4/4        EV: 13    Int: 10    God:    Cheibriados [......]
Gold:   30         SH:  0    Dex: 18    Spells: 0 memorised, 3 levels left

rFire  . . .     SeeInvis .     a - +0 flail
rCold  . . .     Gourm    .     i - +0 leather armour {rN+}
rNeg   + . .     Faith    .     (no shield)
rPois  .         Spirit   .     c - +0 helmet
rElec  .         Dismiss  .     (no cloak)
rCorr  .         Reflect  .     (no gloves)
MR     .....     Harm     .     (no boots)
Stlth  +.........               (no amulet)
                                (no ring)
                                e - +2 ring of dexterity

@: very slow
A: rugged brown scales 1, rot immunity
a: Bend Time, Renounce Religion


You were on level 2 of the Dungeon.
You worshipped Cheibriados.
Cheibriados was noncommittal.
You were not hungry.

You visited 1 branch of the dungeon, and saw 2 of its levels.

You collected 30 gold pieces.

Inventory:

Hand Weapons
 a - a +0 flail (weapon)
 l - a +0 whip
Missiles
 d - 3 throwing nets (quivered)
Armour
 c - a +0 helmet (worn)
 i - a +0 leather armour of positive energy (worn)
Jewellery
 e - a +2 ring of dexterity (left hand)
Scrolls
 b - a scroll of noise {unknown}
Potions
 h - 2 potions of flight {unknown}
Comestibles
 f - 2 bread rations
 g - 5 fruits
 j - a beef jerky
 k - a meat ration


   Skills:
 + Level 3.0 Fighting
 * Level 4.0 Maces & Flails
 - Level 1.7 Throwing
 - Level 2.6 Dodging


You had 3 spell levels left.
You didn't know any spells.

Dungeon Overview and Level Annotations

Branches:
Dungeon (2/15)

Altars:
Cheibriados


Innate Abilities, Weirdness & Mutations

You are partially covered in rugged brown scales. (AC +1, +3% HP)
You are immune to rotting.


Message History

You kill the gnoll!
Cheibriados appreciates the change of pace.
Your Maces & Flails skill increases to level 4!
You have reached level 4!
You feel agile.
Your demonic ancestry asserts itself...
Rugged brown scales grow over part of your body.
You hit the gnoll.
The gnoll is lightly wounded.
The gnoll hits you but does no damage.
You closely miss the gnoll.
The gnoll is lightly wounded.
The gnoll hits you with a flail.
* * * LOW HITPOINT WARNING * * *
You hit the gnoll but do no damage.
The gnoll is lightly wounded.
The gnoll completely misses you.
You closely miss the gnoll.
The gnoll is lightly wounded.
The gnoll hits you with a flail!
You die...

##<####...#####.#
#.# ##.....##.#
#.# #####.##.#
... #.#..# ###
#.#..##
######.#...###.#
#...............#
#.#####.#.#.#####
...#.#@#
.....#.#g#
#####.#.#g#
#.#.#.# #.#.#.#
#.#.#.# ..# ###


You could see 2 gnolls.

Vanquished Creatures
  Ijyb (D:2)
  A gnoll (D:2)
  An adder (D:1)
  2 dart slugs (D:1)
  A leopard gecko (D:1)
  A giant cockroach (D:1)
  6 goblins (D:1)
  4 hobgoblins (D:1)
  3 kobolds (D:1)
  4 bats (D:1)
  A frilled lizard (D:1)
  3 rats (D:1)
28 creatures vanquished.

Notes
Turn   | Place    | Note
-------+----------+-------------------------------------------
     0 | D:1      | oshikia the Demonspawn Gladiator began the quest for the Orb.
     0 | D:1      | Reached XP level 1. HP: 16/16 MP: 1/1
    31 | D:1      | Found a snail-covered altar of Cheibriados.
    96 | D:1      | Reached skill level 3 in Maces & Flails
   106 | D:1      | Gained mutation: You are immune to rotting. [demonic ancestry]
   106 | D:1      | Reached XP level 2. HP: 10/22 MP: 2/2
   768 | D:1      | Became a worshipper of Cheibriados the Contemplative
   831 | D:1      | Reached XP level 3. HP: 25/28 MP: 3/3
  1100 | D:2      | Noticed Ijyb
  1154 | D:2      | Killed Ijyb
  1419 | D:2      | Reached skill level 4 in Maces & Flails
  1419 | D:2      | Gained mutation: You are partially covered in rugged brown scales. (AC +1, +3% HP) [demonic ancestry]
  1419 | D:2      | Reached XP level 4. HP: 8/36 MP: 4/4
  1423 | D:2      | Slain by a gnoll

Vault maps used:
D:1:      lightli_arrival_lavapool, cheibriados_altar_1
D:2:      serial_bayou_pond_e, kennysheep_generic_room_6, uniq_iyjb

Skill      XL: |  1  2  3 |
---------------+----------+-----
Maces & Flails | 3 4 |  4.0
Fighting       | 3 |  3.0
Throwing       | |  1.7
Dodging        | |  2.6

Action                   |  1- 3 |  4- 6 || total
-------------------------+-------+-------++-------
Melee: Flail             |    77 |     4 ||    81
       Whip              |    83 |       ||    83
Throw: Throwing net      |     3 |       ||     3
 Stab: Held in net/web   |     1 |       ||     1
  Eat: Chunk             |     2 |       ||     2
Armor: Leather armour    |    43 |       ||    43
Dodge: Dodged            |    91 |     1 ||    92
